 Dungeon Crawl Stone Soup version 0.26-a0-1213-gd52f5182fe (webtiles) character file.

Game seed: 12338675515986853695

110 Anon1729 the Shooter (level 4, 0/26 HPs)
             Began as a Deep Elf Hunter on Dec 30, 2020.
             Killed by divine providence
             ... invoked by an orc priest
              (14 damage)
             ... on level 4 of the Dungeon.
             The game lasted 00:04:10 (3793 turns).

Anon1729 the Shooter (Deep Elf Hunter)              Turns: 3793, Time: 00:04:11

Health: 0/26       AC:  1    Str: 10    XL:     4   Next: 61%
Magic:  6/6        EV: 13    Int: 16    God:
Gold:   195        SH:  0    Dex: 15    Spells: 3/3 levels left

rFire    . . .     SeeInvis .   i - +2 short sword (drain)
rCold    . . .     Faith    .   (no shield)
rNeg     . . .     Spirit   .   c - +0 leather armour
rPois    .         Reflect  .   (no helmet)
rElec    .         Harm     .   j - +0 cloak
rCorr    .         Rampage  .   g - +0 pair of gloves
Will     .....                  (no boots)
Stlth    ++........             (no amulet)
HPRegen  0.08/turn              f - -4 ring of protection (curse)
MPRegen  0.10/turn              (no ring)

@: lethally poisoned (0 -> -1)
A: no striking features
a: no special abilities


You were on level 4 of the Dungeon.
You visited 1 branch of the dungeon, and saw 4 of its levels.

You collected 195 gold pieces.

Inventory:

Hand Weapons
 a - a +1 shortbow
 b - a +4 dagger
 i - a +2 short sword of draining (weapon)
Missiles
 d - 64 arrows
 n - 16 poisoned darts
Armour
 c - a +0 leather armour (worn)
 g - a +0 pair of gloves (worn)
 j - a +0 cloak (worn)
Jewellery
 f - a cursed -4 ring of protection (left hand)
Wands
 v - a wand of paralysis (7)
 y - a wand of random effects (13)
Scrolls
 h - 3 scrolls of magic mapping
 k - 3 scrolls of identify
 l - a scroll of blinking {unknown}
 m - a scroll of teleportation {unknown}
 o - 2 scrolls of enchant armour {unknown}
 q - a scroll of amnesia {unknown}
 t - a scroll of enchant weapon {unknown}
 u - a scroll of remove curse {unknown}
 C - a scroll of immolation {unknown}
Potions
 e - a potion of degeneration {unknown}
 p - 2 potions of magic {unknown}
 r - a potion of flight {unknown}
 s - a potion of haste {unknown}
 w - a potion of resistance {unknown}
 x - 2 potions of lignification {unknown}
 z - a potion of attraction {unknown}
 A - a potion of experience {unknown}
 B - 2 potions of heal wounds {unknown}


   Skills:
 + Level 1.7 Fighting
 + Level 1.1 Short Blades
 + Level 6.3 Bows
 + Level 1.4 Armour
 + Level 3.3 Dodging
 + Level 2.3 Stealth


You had 3 spell levels left.
You didn't know any spells.
Your spell library contained the following spells:

 Spells                   Type           Power        Failure   Level
 Beastly Appendage        Tmut           0%           32%         1
 Wereblood                Tmut           0%           45%         2
 Spider Form              Tmut/Pois      0%           69%         3
 Ice Form                 Ice/Tmut       0%           97%         4
 Blade Hands              Tmut           0%           100%        5


Dungeon Overview and Level Annotations

Branches:
Dungeon (4/15)
 Temple: D:4-7

Altars:
Fedhas
Kikubaaqudgha
Sif Muna
Trog
Zin


Message History

An orc comes into view.
An orc wizard comes into view. It is wielding a +0 dagger.
You hit the adder. You drain the adder.
The adder is severely wounded.
The adder bites you.
The orc priest invokes the aid of Beogh against you.
Pain shoots through your body!
You barely miss the adder.
The adder is severely wounded.
The adder closely misses you.
The orc wizard mumbles some strange words.
The orc wizard seems to speed up.
The adder bites you.
You are poisoned.
The adder poisons you!
You hear a shout!
You feel sick.
The orc priest calls down the wrath of Beogh upon you.
Beogh smites you!
Ouch! That really hurt!
You die...

...#........# #.........
...########## #.........
............# #...o.....
>..........######.........
...........#.....o..o.....
...........#......o.......
...#######'#......S.......
...##......#..............
...+.......#....@.........
...#.......#..............
...#.......'...........###
...#########...........#
...# ..................#
...# ..................#
...# ###################
...# ...#


You could see 2 orc priests, an orc wizard (fast), an adder (drained) and an
orc.

Vanquished Creatures
  3 gnolls
  An adder (D:3)
  2 worms (D:2)
  2 dart slugs
  2 leopard geckos
  An orc (D:3)
  4 ball pythons
  8 bats
  4 giant cockroaches
  10 goblins
  4 hobgoblins
  9 kobolds
  A quokka (D:2)
  4 rats
55 creatures vanquished.

Notes
Turn   | Place    | Note
-------+----------+-------------------------------------------
     0 | D:1      | Anon1729 the Deep Elf Hunter began the quest for the Orb.
     0 | D:1      | Reached XP level 1. HP: 12/12 MP: 3/3
   314 | D:1      | Reached XP level 2. HP: 10/16 MP: 4/4
  1060 | D:1      | Reached skill level 6 in Bows
  1404 | D:2      | Reached XP level 3. HP: 15/20 MP: 5/5
  2135 | D:2      | Reached skill level 1 in Armour
  2260 | D:2      | Reached XP level 4. HP: 23/25 MP: 6/6
  2833 | D:2      | Found a shimmering blue altar of Sif Muna.
  2867 | D:3      | Found a glowing silver altar of Zin.
  3110 | D:3      | Found a bloodstained altar of Trog.
  3204 | D:3      | Found an ancient bone altar of Kikubaaqudgha.
  3267 | D:3      | Reached skill level 1 in Short Blades
  3451 | D:3      | Found a blossoming altar of Fedhas.
  3793 | D:4      | Killed from afar by an orc priest

Illustrated notes

Levels and vault maps discovered:
D:1:      ncdulo_watergridlock, layout_basic
D:2:      layout_rooms, lemuel_round_altar, minmay_close_crescents
D:3:      layout_loops_cross, old_standard_altar, bloody_trog,
          kiku_gazebo_pond_becter, lemuel_round_altar
D:4:      layout_gridville, lemuel_doored_altar, nicolae_ru_awakened_eye,
          lemuel_coloured_pillars_altar, ebering_ghost_inner_flame,
          uniq_natasha, uniq_sigmund

Skill      XL: |  1  2  3  4 |
---------------+-------------+-----
Bows           | 6 |  6.3
Dodging        | 3 |  3.3
Armour         | 1 |  1.4
Stealth        | 2 |  2.3
Short Blades   | 1 |  1.1
Fighting       | |  1.7

Action                   |  1- 3 |  4- 6 || total
-------------------------+-------+-------++-------
Melee: Short sword       |    74 |    58 ||   132
 Fire: Shortbow          |     4 |       ||     4
  Use: Scroll            |     1 |       ||     1
 Stab: Sleeping          |     1 |     7 ||     8
       Distracted        |     1 |       ||     1
Armor: Leather armour    |     7 |     7 ||    14
Dodge: Dodged            |    69 |    39 ||   108

Table legend: (Time is in decaauts)
 A = Elapsed time spent in this place.
 B = Non-inter-level travel time spent in this place.
 C = Inter-level travel time spent in this place.
 D = Time resting spent in this place.
 E = Time spent auto-exploring this place.
 F = Levels seen in this place.
 G = Mean time per level.
                   A        B        C        D        E       F      G
               +--------+--------+--------+--------+--------+-----+--------+
         Total |   3806 |   3729 |     77 |    481 |   2642 |   4 |  951.5 |
       Dungeon |   3806 |   3729 |     77 |    481 |   2642 |   4 |  951.5 |
               +--------+--------+--------+--------+--------+-----+--------+

Top non-repeatable levels by time:
     D:1: 2014 daAuts
     D:3: 851 daAuts
     D:2: 848 daAuts
     D:4: 91 daAuts
